Unix NetHack Version 5.0.0-0 post-release - last build May  4 2026 22:22:43 (774f63e81ad911689b3a0859ea89b322d5daca8d,branch:main).

Game began 2026-05-08 05:44:04, ended 2026-05-08 06:05:35.

7spoons, lawful female human Valkyrie

   --------       -------
   |......|       |.....|
   |......-#      |......       --------
   |......|#      |.....|       |.......###
   |......|#      |.....|      #.......|  #  ------
   ----.-.-#      |.....-###### |......|  ##0|....|#########
         # #      --|----     ##-......-#####.....|#   ----|------
         # #        #           --------    #|....|#   |.........|
        #0 #        #                       #----.-#   |.........|
        #  ###      ####                   #########  #.....>....|
      ###    ##        #                         #    #----...----
     B#       #        #                         #    #   |...|
 ----@------- #  ------.-                        #   ##   |...|
 |..@d...(..| ## |......|                        #   #    -----
 |[%).[?%/?!|  ##|......|                     ---.-  #
 |%[.(.)?(..|   #|......+                     |...|  #
 |"[!/%%?(=[|   #.......|                     |...-###
 ------------    --------                     |<..|
                                              -----

7spoons the Stripling       St:18/05 Dx:12 Co:15 In:8 Wi:8 Ch:9  Lawful
Dlvl:3  $:1  HP:0(16) Pw:2(2) AC:6  Xp:1 T:1193 

Latest messages:
 You swap places with your little dog.
 "Velkommen, 7spoons!  Welcome again to Matagami's general store!"
 Your little dog eats a tripe ration.
 You already found a monster.  Use 'm' prefix to force another search.
 That boulder is a small mimic!
 You miss the small mimic.
 The little dog picks up a scroll labeled ASHPD SODALG.
 "Velkommen, 7spoons!  Welcome again to Matagami's general store!"
 You see here a pair of low boots (for sale, 11 zorkmids).
 You see here a slime mold (for sale, 23 zorkmids).
 The little dog drops a scroll labeled ASHPD SODALG.
 You see here a hexagonal wand (for sale, 200 zorkmids).
 You see here a brilliant blue potion (for sale, 200 zorkmids).
 You see here a studded leather armor (for sale, 20 zorkmids).
 You see here a spherical amulet (for sale, 200 zorkmids).
 You see here a food ration (for sale, 60 zorkmids).
 You see here a ring mail (for sale, 133 zorkmids).
 You see here a brilliant blue potion (for sale, 200 zorkmids).
 You see here a hexagonal wand (for sale, 200 zorkmids).
 You see here a slime mold (for sale, 23 zorkmids).
 You see here an orange (for sale, 12 zorkmids).
 You see here a scroll labeled ASHPD SODALG (for sale, 36 zorkmids).
 You see here a tinning kit (for sale, 40 zorkmids).
 You see here a twisted ring (for sale, 200 zorkmids).
 The little dog picks up a towel.
 You stop.  Your little dog is in the way!
 You see here a studded leather armor (for sale, 20 zorkmids).
 You see here a long wand (for sale, 200 zorkmids).
 The little dog drops a towel.
 The bat just misses!
 You miss the bat.
 The bat bites!
 The bat bites!
 You miss the bat.
 The bat bites!
 You stop.  Your little dog is in the way!
 The bat bites!
 The bat misses!
 You stop.  Your little dog is in the way!
 The bat bites!
 Are you sure you want to pray? [yn] (n) y
 You begin praying to Tyr.
 The bat bites!
 You die...
 Matagami gratefully inherits all your possessions.
 Do you want to see what you had when you died? [ynq] (y) n
 Do you want to see your attributes? [ynq] (y) n
 Do you want an account of creatures vanquished? [ynaq] (y) n
 Do you want to see your conduct and achievements? [ynq] (y) n
 Do you want to see the dungeon overview? [ynq] (y) y

Inventory:
 Coins    ('$')
  $ - a gold piece
 Weapons  (')')
  p - a blessed +0 crossbow
  e - 34 +0 darts
  b - a +0 dagger (at the ready)
  a - a +1 spear (weapon in right hand)
 Armor    ('[')
  m - a blessed +0 orcish helm
  c - an uncursed +3 small shield (being worn)
 Comestibles  ('%')
  d - an uncursed food ration
  r - 2 uncursed tripe rations
 Scrolls  ('?')
  i - an uncursed scroll of enchant armor
 Potions  ('!')
  n - 2 uncursed potions of invisibility
 Tools    ('(')
  o - an empty uncursed bag of holding
  j - an uncursed skeleton key
  l - an uncursed tin whistle
 Gems/Stones  ('*')
  h - an uncursed worthless piece of black glass
  k - an uncursed worthless piece of yellowish brown glass
  g - a cursed luckstone

7spoons the Valkyrie's attributes:

Background:
 You were a Stripling, a level 1 human Valkyrie.
 You were lawful, on a mission for Tyr
 who was opposed by Odin (neutral) and Loki (chaotic).
 You were right-handed.
 You were in the Dungeons of Doom, on level 3.
 You entered the dungeon 1193 turns ago.
 You had 11 experience points, 9 more were needed to attain level 2.

Basics:
 You had 0 out of 16 hit points.
 You had both energy points (spell power).
 Your armor class was 6.
 Your wallet contained 1 zorkmid.
 Autopickup was off.

Final Characteristics:
 Your strength was 18/05 (limit:18/100).
 Your dexterity was 12 (limit:18).
 Your constitution was 15 (limit:18).
 Your intelligence was 8 (limit:18).
 Your wisdom was 8 (limit:18).
 Your charisma was 9 (limit:18).

Final Status:
 You weren't hungry.
 You were unencumbered.
 You were wielding a spear.
 You had basic skill with spear.

Final Attributes:
 You were devoutly aligned.
 You were cold resistant.
 You were unlucky.
 You had reduced luck.
 Bad luck did not time out for you.
 You are dead.

Miscellaneous:
 You encountered 1 bones level.
 Total elapsed playing time was 21 minutes and 28 seconds.

Major events:
 Turn
    1: 7spoons the lawful human Valkyrie entered the dungeon
  745: entered the Gnomish Mines
 1193: killed by a bat, while praying

You didn't know any spells.

Skills:
 Fighting Skills
   bare handed combat [Unskilled]
   two weapon combat  [Unskilled]
   riding             [Unskilled]
 Weapon Skills
   dagger             [Basic]
   axe                [Unskilled]
   pick-axe           [Unskilled]
   short sword        [Unskilled]
   broadsword         [Unskilled]
   long sword         [Unskilled]
   two-handed sword   [Unskilled]
   saber              [Unskilled]
   hammer             [Unskilled]
   quarterstaff       [Unskilled]
   polearms           [Unskilled]
   spear              [Basic]
   trident            [Unskilled]
   lance              [Unskilled]
   sling              [Unskilled]
 Spellcasting Skills
   attack spells      [Unskilled]
   escape spells      [Unskilled]

Voluntary challenges:
 Character rerolling was not enabled.
 You were illiterate.
 You never genocided any monsters.
 You never polymorphed an object.
 You never changed form.
 You used no wishes.
Achievements:
 You entered a shop.
 You entered the Gnomish Mines.

 The Dungeons of Doom: levels 1 to 4
    Level 1:
    Level 2:
       A potion shop, some fountains.
       Stairs down to The Gnomish Mines.
    Level 3: <- You were here.
       A general store.
       Final resting place for
          you, killed by a bat, while praying.
    Level 4:
       Final resting place for
          poiuztrewq-Hea-Hum-Fem-Neu, killed by a dwarf zombie.
 The Gnomish Mines:
    Level 3:


Vanquished creatures:
  3 jackals
  a goblin
  a grid bug
  2 lichens
  4 newts
11 creatures vanquished.

No species were genocided or became extinct.

Game over:
                       ----------
                      /          \
                     /    REST    \
                    /      IN      \
                   /     PEACE      \
                  /                  \
                  |     7spoons      |
                  |       1 Au       |
                  | killed by a bat  |
                  |                  |
                  |                  |
                  |                  |
                  |       2026       |
                 *|     *  *  *      | *
        _________)/\\_//(\/(/\)/\//\/|_)_______

Farvel 7spoons the Valkyrie...

You died in The Dungeons of Doom on dungeon level 3 with 195 points,
and 1 piece of gold, after 1193 moves.
You were level 1 with a maximum of 16 hit points when you died.

